cohdb
Replays
Latest Replays
All Replays
Popular Replays
Top Player Replays
Match Explorer
How It Works
Community
CoH3 Stats
Reddit
Sign in to upload your games and track your stats! →
Sign in with Steam
Match 40336545
Unlisted
Match 40336545
Overview
Messages
Build Orders
End
Construct Barracks
Scout Squad
Selects Airborne Battlegroup
Selects Pathfinders
Selects Heavy Machine Gun Paradrop
1⁄4-ton 4x4 Truck
Riflemen Squad
Riflemen Squad
Riflemen Squad
Air Support Center
Grasshopper Recon Run
Construct Motor Pool
P-47 Strafing Run
M8 Greyhound Armored Car
Grasshopper Recon Run
P-47 Dive Bomb
Heavy Machine Gun Paradrop
M8 Greyhound Armored Car
Grasshopper Recon Run
P-47 Dive Bomb
Grasshopper Recon Run
Selects Paratrooper Squad Paradrop
Paratrooper Squad Paradrop
P-47 Strafing Run
Heavy Machine Gun Paradrop
J3WN1AL8T0R
^3
0
0
Comments
sign in to comment!
No comments posted yet!